 Dungeon Sprint DCSS version 0.28.0-43-g3370ac3207 (webtiles) character file.

Game seed: 6180414103673745825

5200000 smarlow the Archmage (level 24, -25/208 HPs)
             Began as a Djinni Warper on Mar 2, 2022.
             Was the Champion of Makhleb.
             Annihilated by a bag of meat
             ... wielding a +9 war axe
              (37 damage)
             ... in the Dungeon (Sprint VIII: "Arena of Blood").
             The game lasted 00:03:05 (52 turns).

smarlow the Archmage (Djinni Warper)                  Turns: 52, Time: 00:03:06

Health: -25/208    AC:  6    Str: 18    XL:     24   Next: 44%
Gold:   0          EV: 27    Int: 17    God:    Makhleb [******] SH:  0 Dex: 15

rFire   + + .      SeeInvis .   i - +∞ Axe of Woe
rCold   x . .      Faith    .   (shield currently unavailable)
rNeg    . . .      Spirit   .   b - +0 leather armour
rPois   ∞          Reflect  .   (no helmet)
rElec   .          Harm     .   (no cloak)
rCorr   .          Rampage  .   (no gloves)
Will    ++...      NoTele   +   (boots unavailable)
Stlth   ++++++....              (no amulet)
HPRegen 0.44/turn               (no ring)
MPRegen 0.00/turn               (no ring)

@: flying, hasted, very quick
A: sickness immunity, fire resistance 2, cold vulnerability 1, float, innate
caster, HP casting, extra vitality 1
a: Renounce Religion, Minor Destruction, Lesser Servant of Makhleb, Major
Destruction, Greater Servant of Makhleb


You were in the Dungeon.
You worshipped Makhleb.
Makhleb was exalted by your worship.
You visited 1 branch

Inventory:

Hand Weapons
 a - a +0 hand axe
 i - the +∞ Axe of Woe (weapon)
   (You found it in the Dungeon)
Missiles
 d - 5 boomerangs of dispersal (quivered)
Armour
 b - a +0 leather armour (worn)
Scrolls
 c - 2 scrolls of blinking
Potions
 e - a potion of curing
 f - a potion of heal wounds
 h - a potion of berserk rage


   Skills:
 O Level 27 Fighting
 + Level 15.3(17.9) Short Blades
 + Level 15.3(17.9) Long Blades
 O Level 27 Axes
 + Level 14.1(23.5) Maces & Flails
 + Level 14.1(23.5) Polearms
 + Level 15.3(20.0) Staves
 + Level 14.1(22.1) Slings
 + Level 14.1 Bows
 + Level 14.1 Crossbows
 O Level 27 Throwing
 O Level 27 Armour
 O Level 27 Dodging
 + Level 15.3 Stealth
 + Level 15.6 Shields
 + Level 15.6 Unarmed Combat
 O Level 27 Spellcasting
 + Level 15.6 Invocations
 + Level 15.6 Evocations


You had 7 spell levels left.
You knew the following spells:

 Your Spells              Type           Power      Damage    Failure   Level
a - Blink                 Tloc           100%       N/A       0%          2
b - Lesser Beckoning      Tloc           86%        N/A       0%          3
c - Gell's Gravitas       Tloc           86%        N/A       0%          3
d - Teleport Other        Tloc           86%        N/A       0%          3
e - Manifold Assault      Tloc           86%        N/A       0%          5
f - Animate Skeleton      Necr           100%       N/A       0%          1
g - Searing Ray           Conj           100%       2d8       0%          2
h - Stone Arrow           Conj/Erth      100%       3d13      0%          3
i - Animate Armour        Summ/Erth      100%       N/A       0%          4
j - Summon Ice Beast      Ice/Summ       86%        N/A       0%          4
k - Summon Mana Viper     Hex/Summ       86%        N/A       0%          5
l - Simulacrum            Ice/Necr       43%        N/A       0%          6
m - Summon Hydra          Summ           43%        N/A       1%          7
n - Dragon Form           Tmut           43%        N/A       1%          7
o - Enfeeble              Hex            43%        N/A       1%          7
p - Discord               Hex            43%        N/A       1%          8
Your spell library was empty.

Dungeon Overview and Level Annotations

Branches:
Dungeon (1/1)

Altars:
Makhleb


Innate Abilities, Weirdness & Mutations

You are immune to sickness and miasma.
You are immune to poison.
Your flesh is very heat resistant. (rF++)
You are vulnerable to cold. (rC-)
You float through the air rather than walking.
You learn spells naturally, not from books.
Your magical power is your life essence.
You have superior vitality. (+4 MHP)


Message History

The bag of meat hits the bag of meat with a +9 war axe!!
A tyrant comes into view.
You hear a shout!
The accursed is engulfed in blazing flames.
The accursed gestures at you while chanting.
Something smites you!
* * * LOW HITPOINT WARNING * * *
The bag of meat closely misses the bag of meat.
The bag of meat hits the meat berserker with a +9 war axe!!
The bag of meat hits the bag of meat with a +9 war axe!!! x2
The bag of meat hits the meat berserker with a +9 war axe!!!
The bag of meat hits the bag of meat with a +9 war axe!!
The large bag of meat is engulfed in blazing flames.
The bag of meat hits the bag of meat with a +9 war axe!!!
The bag of meat is engulfed in blazing flames.
The bag of meat hits the bag of meat with a +9 war axe!!!
You hear a shout! x2
Your base Short Blades skill increases to level 15!
Your base Long Blades skill increases to level 15!
Your base Maces & Flails skill increases to level 14!
Your base Polearms skill increases to level 14!
Your base Staves skill increases to level 15!
Your base Slings skill increases to level 14!
Your Bows skill increases to level 14!
Your Crossbows skill increases to level 14!
Your Stealth skill increases to level 15!
You carve the sculptor of flesh like a ham!!!
You butcher the sculptor of flesh messily.
You destroy the sculptor of flesh!
Makhleb accepts your kill.
You feel better.
The sculptor of flesh hits the bag of meat with a +9 great sword!!!!!
The bag of meat dies!
Makhleb accepts your kill.
The bag of meat hits the bag of meat with a +9 war axe!
The bag of meat hits you with a +9 war axe!!
* * * LOW HITPOINT WARNING * * *
You hear a shout!
The bag of meat hits you with a +9 war axe!!!
You die... .####.....##.# oo.

.............
Oo..#.........L#.
.oO.#............
###o)z#....O......
..O###....o.#o.oO........
oo#...........o§)§.......
...o..#.....)ooo§§.......
..o....#...V)@).#.......#
....Oo....#.))..#.......#
....o..#)☼zo.D###.......###.
#...)ooo..o...)))###......
##.oLo)°o#)...)..._......
#..OoV#....).)#)....#.
...O###O§........#_.<._# ...
.M§.#.......#.....# ..
.......#........_......


You could see an accursed, 2 tyrants, a nine-headed meat hydra, a destroyer, a
sculptor of flesh, 4 meat berserkers, 7 bags of meat, a neutral destroyer (fast,
strong, insane, unaware), a neutral sculptor of flesh (fast, strong, insane,
unaware), 2 neutral large bags of meat and 13 neutral bags of meat.

Vanquished Creatures
  3 vampire knights (D)
  13 ogres (D)
  3 two-headed ogres (D)
  40 orcs (D)
  2 skeletal warriors (D)
61 creatures vanquished.

Vanquished Creatures (collateral kills)
  An ogre (D)
  A two-headed ogre (D)
  4 orcs (D)
6 creatures vanquished.

Vanquished Creatures (others)
  An orc (D)
1 creature vanquished.

Grand Total: 68 creatures vanquished

Notes
Turn   | Place    | Note
-------+----------+-------------------------------------------
     0 | D        | Found the +∞ Axe of Woe
     0 | D        | smarlow the Djinni Warper began the quest for the Orb.
     0 | D        | Reached XP level 1. HP: 18/18 MP: 0/0
     1 | D        | Noticed a bag of meat
     3 | D        | Became a worshipper of Makhleb the Destroyer
     4 | D        | Noticed a bag of meat
     5 | D        | Noticed a bag of meat
     5 | D        | Noticed a bag of meat
     5 | D        | Noticed a bag of meat
     5 | D        | Noticed a bag of meat
     5 | D        | Noticed a bag of meat
     6 | D        | Noticed a bag of meat
     6 | D        | Noticed a bag of meat
     6 | D        | Noticed a bag of meat
     8 | D        | Noticed a bag of meat
     9 | D        | Killed a bag of meat
    10 | D        | Reached skill level 15 in Spellcasting
    10 | D        | Reached XP level 2. HP: 34/34 MP: 0/0
    10 | D        | Reached XP level 3. HP: 40/40 MP: 0/0
    10 | D        | Learned a level 1 spell: Animate Skeleton
    10 | D        | Reached XP level 4. HP: 45/45 MP: 0/0
    10 | D        | Reached XP level 5. HP: 50/50 MP: 0/0
    10 | D        | Learned a level 2 spell: Searing Ray
    10 | D        | Reached XP level 6. HP: 57/57 MP: 0/0
    10 | D        | Reached XP level 7. HP: 61/61 MP: 0/0
    10 | D        | Learned a level 3 spell: Stone Arrow
    10 | D        | Reached XP level 8. HP: 67/67 MP: 0/0
    10 | D        | Reached XP level 9. HP: 73/73 MP: 0/0
    10 | D        | Learned a level 4 spell: Animate Armour
    10 | D        | Reached XP level 10. HP: 78/78 MP: 0/0
    10 | D        | Reached XP level 11. HP: 84/84 MP: 0/0
    10 | D        | Learned a level 4 spell: Summon Ice Beast
    10 | D        | Killed a bag of meat
    10 | D        | Reached * piety under Makhleb
    10 | D        | Killed a bag of meat
    11 | D        | Reached XP level 12. HP: 95/95 MP: 0/0
    11 | D        | Reached XP level 13. HP: 101/101 MP: 0/0
    11 | D        | Learned a level 5 spell: Summon Mana Viper
    11 | D        | Killed a bag of meat
    11 | D        | Killed a bag of meat
    11 | D        | Reached ** piety under Makhleb
    11 | D        | Killed a bag of meat
    12 | D        | Reached XP level 14. HP: 112/112 MP: 0/0
    12 | D        | Killed a bag of meat
    12 | D        | Killed a bag of meat
    12 | D        | Reached *** piety under Makhleb
    12 | D        | Noticed a meat berserker
    13 | D        | Reached skill level 15 in Fighting
    13 | D        | Reached skill level 15 in Axes
    13 | D        | Reached XP level 15. HP: 120/120 MP: 0/0
    13 | D        | Learned a level 6 spell: Simulacrum
    14 | D        | Reached **** piety under Makhleb
    14 | D        | Noticed a meat berserker
    15 | D        | Reached skill level 15 in Dodging
    15 | D        | Killed a meat berserker
    16 | D        | Reached XP level 16. HP: 132/132 MP: 0/0
    17 | D        | Noticed a meat berserker
    19 | D        | Killed a meat berserker
    20 | D        | Reached skill level 5 in Throwing
    20 | D        | Noticed a large bag of meat
    21 | D        | Killed a meat berserker
    21 | D        | Reached ***** piety under Makhleb
    22 | D        | Reached skill level 27 in Spellcasting
    22 | D        | Reached XP level 17. HP: 143/143 MP: 0/0
    22 | D        | Learned a level 7 spell: Summon Hydra
    22 | D        | Noticed a meat berserker
    22 | D        | Noticed a meat berserker
    23 | D        | Noticed a meat berserker
    23 | D        | Noticed a meat berserker
    24 | D        | Noticed a large bag of meat
    24 | D        | Noticed a meat berserker
    24 | D        | Noticed a destroyer
    25 | D        | Noticed a meat berserker
    25 | D        | Noticed a meat berserker
    25 | D        | Noticed a destroyer
    28 | D        | Reached skill level 5 in Armour
    28 | D        | Killed a meat berserker
    28 | D        | Noticed an eight-headed meat hydra
    28 | D        | Noticed a meat berserker
    29 | D        | Reached XP level 18. HP: 157/157 MP: 0/0
    29 | D        | Killed a large bag of meat
    29 | D        | Noticed a large bag of meat
    30 | D        | Reached skill level 27 in Axes
    30 | D        | Noticed a sculptor of flesh
    30 | D        | Noticed a destroyer
    30 | D        | Noticed a meat berserker
    31 | D        | Killed a meat berserker
    31 | D        | Reached ****** piety under Makhleb
    31 | D        | Killed a meat berserker
    31 | D        | Killed a destroyer
    32 | D        | Reached skill level 27 in Fighting
    32 | D        | Reached skill level 27 in Dodging
    32 | D        | Reached XP level 19. HP: 174/174 MP: 0/0
    32 | D        | Learned a level 7 spell: Dragon Form
    32 | D        | Reached XP level 20. HP: 181/181 MP: 0/0
    32 | D        | Killed a meat berserker
    32 | D        | Killed a meat berserker
    32 | D        | Noticed a meat berserker
    33 | D        | Noticed a meat berserker
    33 | D        | Killed a large bag of meat
    33 | D        | Killed a meat berserker
    34 | D        | Reached skill level 27 in Armour
    34 | D        | Reached XP level 21. HP: 176/187 MP: 0/0
    34 | D        | Learned a level 7 spell: Enfeeble
    34 | D        | Noticed a meat berserker
    34 | D        | Noticed a large bag of meat
    34 | D        | Noticed a large bag of meat
    37 | D        | Killed a meat berserker
    38 | D        | Reached skill level 27 in Throwing
    38 | D        | Noticed a destroyer
    38 | D        | Noticed a meat berserker
    39 | D        | Noticed a destroyer
    40 | D        | Reached skill level 5 in Short Blades
    40 | D        | Reached skill level 5 in Long Blades
    40 | D        | Reached skill level 5 in Maces & Flails
    40 | D        | Reached skill level 5 in Polearms
    40 | D        | Reached skill level 5 in Staves
    40 | D        | Reached skill level 5 in Slings
    40 | D        | Reached skill level 5 in Bows
    40 | D        | Reached skill level 5 in Crossbows
    40 | D        | Reached skill level 5 in Stealth
    40 | D        | Reached skill level 5 in Shields
    40 | D        | Reached skill level 5 in Unarmed Combat
    40 | D        | Reached skill level 5 in Invocations
    40 | D        | Reached skill level 5 in Evocations
    41 | D        | Reached XP level 22. HP: 194/194 MP: 0/0
    41 | D        | Killed a meat berserker
    42 | D        | Killed a large bag of meat
    43 | D        | Reached skill level 10 in Shields
    43 | D        | Reached skill level 10 in Unarmed Combat
    43 | D        | Reached skill level 10 in Invocations
    43 | D        | Reached skill level 10 in Evocations
    44 | D        | Reached skill level 10 in Short Blades
    44 | D        | Reached skill level 10 in Long Blades
    44 | D        | Reached skill level 10 in Staves
    44 | D        | Reached skill level 10 in Stealth
    45 | D        | Killed a destroyer
    46 | D        | Reached XP level 23. HP: 201/201 MP: 0/0
    46 | D        | Learned a level 8 spell: Discord
    46 | D        | Killed a destroyer
    48 | D        | Noticed a tyrant
    49 | D        | Noticed a destroyer
    49 | D        | Noticed a large bag of meat
    49 | D        | Killed a large bag of meat
    49 | D        | Noticed an accursed
    51 | D        | Reached skill level 15 in Shields
    51 | D        | Reached skill level 15 in Unarmed Combat
    51 | D        | Reached skill level 15 in Invocations
    51 | D        | Reached skill level 15 in Evocations
    51 | D        | Reached XP level 24. HP: 36/208 MP: 0/0
    51 | D        | Noticed a tyrant
    52 | D        | Reached skill level 15 in Short Blades
    52 | D        | Reached skill level 15 in Long Blades
    52 | D        | Reached skill level 15 in Staves
    52 | D        | Reached skill level 15 in Stealth
    52 | D        | Annihilated by a bag of meat

Illustrated notes

Levels and vault maps discovered:
D:        meatsprint

Skill      XL: |  1  2  3  4  5  6  7  8  9 10 11 12 13 14 15 16 17 18 19 20 21 22 23 24 |
---------------+-------------------------------------------------------------------------+-----
Fighting       | 9 12 14 15 17 19 23 27 | 27.0
Axes           | 8 11 13 15 18 21 26 27 | 27.0
Throwing       | 3 4 5 6 16 25 27 | 27.0
Armour         | 2 3 4 6 18 27 | 27.0
Dodging        | 9 11 13 14 16 17 19 27 | 27.0
Spellcasting   | 15 19 22 23 25 27 | 27.0
Short Blades   | 6 12 14 15 | 15.3
Long Blades    | 6 12 14 15 | 15.3
Maces & Flails | 6 11 13 14 | 14.1
Polearms       | 6 11 13 14 | 14.1
Staves         | 6 12 14 15 | 15.3
Slings         | 6 11 13 14 | 14.1
Bows           | 6 11 13 14 | 14.1
Crossbows      | 6 11 13 14 | 14.1
Stealth        | 6 12 14 15 | 15.3
Shields        | 7 12 15 | 15.6
Unarmed Combat | 7 12 15 | 15.6
Invocations    | 7 12 15 | 15.6
Evocations     | 7 12 15 | 15.6

Action                   |  1- 3 |  4- 6 |  7- 9 | 10-12 | 13-15 | 16-18 | 19-21 | 22-24 || total
-------------------------+-------+-------+-------+-------+-------+-------+-------+-------++-------
Melee: Executioner's axe |     1 |       |       |     1 |     5 |     6 |     6 |     9 ||    28
 Cast: Blink             |       |       |       |       |       |       |     1 |     1 ||     2
       Discord           |       |       |       |       |       |       |       |     1 ||     1
  Use: Potion            |     1 |       |       |       |       |       |       |       ||     1
Dodge: Dodged            |       |       |       |       |       |       |     1 |     1 ||     2
